SAA
IRVING BLUE SOX @ NORTHVILLE ECLIPSE
05/11/2041
 
TOP OF THE 1ST
Irving Blue Sox batting - Pitching for Northville Eclipse : RHP John Seawright
Pitching: RHP John Seawright
Batting: LHB Daniel Page 0-0: Ball
1-0: Ball
2-0: Called Strike
2-1: Foul Ball, location: 2F
2-2: Foul Ball, location: 2F
2-2: Ball
3-2: Foul Ball, location: 2F
3-2: Fly out, F6 (Popup, 6, EV 79.4 MPH)
Batting: RHB Pat Kramer 0-0: Called Strike
0-1: Ball
1-1: Swinging Strike
1-2: Ground out 6-3 (Groundball, 6, EV 83.8 MPH)
Batting: RHB Omar Luoa 0-0: Ball
1-0: SOLO HOME RUN (Line Drive, 7D, EV 110.0 MPH), Distance : 390 ft
Batting: LHB Ánibal Leobardo 0-0: Called Strike
0-1: Called Strike
0-2: Strikes out swinging
Top of the 1st over - 1 run, 1 hit, 0 errors, 0 left on base; Irving 1 - Northville 0
BOTTOM OF THE 1ST
Northville Eclipse batting - Pitching for Irving Blue Sox : RHP Donnie Rawling
Pitching: RHP Donnie Rawling
Batting: RHB Junji Ito 0-0: Ball
1-0: Called Strike
1-1: Ball
2-1: SOLO HOME RUN (Flyball, 78XD, EV 110.6 MPH), Distance : 423 ft
Batting: SHB Javier Murillo 0-0: Fly out, F9 (Flyball, 9, EV 85.0 MPH)
Batting: RHB Daron Mack 0-0: Ball
1-0: SOLO HOME RUN (Flyball, 8LXD, EV 91.9 MPH), Distance : 447 ft
Batting: LHB You-liang Yang 0-0: Called Strike
0-1: SINGLE (Groundball, 6D, EV 110.0 MPH)
Batting: RHB Jaime Burgos 0-0: Called Strike
0-1: Called Strike
You-liang Yang steals 2nd base (no throw)
0-2: Ball
1-2: Ball
2-2: Ground out 3-1 (Groundball, 34, EV 76.9 MPH)
You-liang Yang to third
Batting: LHB Pedro Marrero 0-0: Ground out 4-3 (Groundball, 34, EV 93.1 MPH)
Bottom of the 1st over - 2 runs, 3 hits, 0 errors, 1 left on base; Irving 1 - Northville 2
TOP OF THE 2ND
Irving Blue Sox batting - Pitching for Northville Eclipse : RHP John Seawright
Batting: SHB Govaart Baars 0-0: Called Strike
0-1: Ball
1-1: Reached on error, E5 (Groundball, 56S, EV 80.0 MPH)
Batting: RHB Nick McGhee 0-0: Called Strike
0-1: Fly out, F9 (Flyball, 9D, EV 88.1 MPH)
Batting: RHB Rubén Plumey 0-0: Ball
1-0: Foul Ball, location: 2F
1-1: Swinging Strike
1-2: Ball
2-2: Ball
3-2: Fly out, F8 (Flyball, 89D, EV 104.4 MPH)
Batting: SHB Ignacio Cabrera 0-0: Foul Ball, location: 2F
0-1: Ball
1-1: Ball
2-1: Fielders Choice at 2nd, 5-4 (Groundball, 56, EV 105.6 MPH)
Top of the 2nd over - 0 runs, 0 hits, 1 error, 1 left on base; Irving 1 - Northville 2
BOTTOM OF THE 2ND
Northville Eclipse batting - Pitching for Irving Blue Sox : RHP Donnie Rawling
Batting: RHB Rafael Manawis 0-0: Ball
1-0: Foul Ball, location: 2F
1-1: Called Strike
1-2: Ground out 4-3 (Groundball, 4, EV 108.1 MPH)
Batting: RHB Chris Owen 0-0: Ball
1-0: Swinging Strike
1-1: Ball
2-1: Ball
3-1: SINGLE (Groundball, 56, EV 107.5 MPH) (infield hit)
Batting: LHB Javier López 0-0: SINGLE (Line Drive, 89S, EV 100.0 MPH)
Chris Owen to second
Batting: RHB Junji Ito 0-0: Fielders Choice at 2nd, 1-4 (Groundball, 15, EV 71.2 MPH)
Chris Owen to third
Batting: SHB Javier Murillo 0-0: Ball
1-0: Foul Ball, location: 2F
1-1: Foul Ball, location: 2F
1-2: Ball
2-2: Strikes out swinging
Bottom of the 2nd over - 0 runs, 2 hits, 0 errors, 2 left on base; Irving 1 - Northville 2
TOP OF THE 3RD
Irving Blue Sox batting - Pitching for Northville Eclipse : RHP John Seawright
Batting: RHB Martín Muńóz 0-0: Ball
1-0: DOUBLE (Flyball, 89D, EV 95.6 MPH)
Batting: LHB Daniel Page 0-0: Ball
1-0: Ball
2-0: Ball
3-0: Called Strike
3-1: Foul Ball, location: 2F
3-2: Base on Balls
Batting: RHB Pat Kramer 0-0: Swinging Strike
0-1: Ball
1-1: Ball
2-1: Ball
3-1: Base on Balls
Martín Muńóz to third
Daniel Page to second
Batting: RHB Omar Luoa 0-0: Called Strike
0-1: Ball
1-1: Foul Ball, location: 2F
1-2: Ball
2-2: Strikes out swinging
Batting: LHB Ánibal Leobardo 0-0: Ball
1-0: Foul Ball, location: 2F
1-1: Swinging Strike
1-2: SINGLE (Line Drive, 34D, EV 105.6 MPH)
Martín Muńóz scores
Daniel Page to third
Pat Kramer to second
Batting: SHB Govaart Baars 0-0: Called Strike
0-1: Foul Ball, location: 2F
0-2: Foul Ball, location: 2F
0-2: Ball
1-2: Strikes out swinging
Batting: RHB Nick McGhee 0-0: Ball
1-0: SINGLE (Groundball, 56D, EV 105.0 MPH)
Daniel Page scores
Pat Kramer to third
Ánibal Leobardo to second
Runner from 3rd tries for Home, SAFE, throw by LF to home
Batting: RHB Rubén Plumey 0-0: Ball
1-0: Foul Ball, location: 2F
1-1: Ball
2-1: Foul Ball, location: 2F
2-2: Foul Ball, location: 2F
2-2: Ball
3-2: Foul Ball, location: 2F
3-2: Fly out, F8 (Flyball, 89D, EV 100.6 MPH)
Top of the 3rd over - 3 runs, 3 hits, 0 errors, 2 left on base; Irving 4 - Northville 2
BOTTOM OF THE 3RD
Northville Eclipse batting - Pitching for Irving Blue Sox : RHP Donnie Rawling
Batting: RHB Daron Mack 0-0: Foul Ball, location: 2F
0-1: Ball
1-1: Foul Ball, location: 2F
1-2: Strikes out swinging, 2-3 out at first.
Batting: LHB You-liang Yang 0-0: Called Strike
0-1: Fly out, F7 (Flyball, 78D, EV 83.8 MPH)
Batting: RHB Jaime Burgos 0-0: Ball
1-0: Ball
2-0: Foul Ball, location: 2F
2-1: Foul Ball, location: 2F
2-2: SINGLE (Flyball, 8RS, EV 85.0 MPH)
Batting: LHB Pedro Marrero 0-0: Called Strike
0-1: Ground out 4-3 (Groundball, 4, EV 78.8 MPH)
Bottom of the 3rd over - 0 runs, 1 hit, 0 errors, 1 left on base; Irving 4 - Northville 2
TOP OF THE 4TH
Irving Blue Sox batting - Pitching for Northville Eclipse : RHP John Seawright
Batting: SHB Ignacio Cabrera 0-0: Foul Ball, location: 2F
0-1: Ball
1-1: Fly out, F6 (Flyball, 6MD, EV 81.9 MPH)
Batting: RHB Martín Muńóz 0-0: Ball
1-0: Swinging Strike
1-1: Called Strike
1-2: Foul Ball, location: 2F
1-2: Foul Ball, location: 2F
1-2: Foul Ball, location: 2F
1-2: Strikes out swinging
Batting: LHB Daniel Page 0-0: Ball
1-0: Foul Ball, location: 2F
1-1: Ball
2-1: Foul Ball, location: 2F
2-2: Foul Ball, location: 2F
2-2: SINGLE (Groundball, 56D, EV 98.1 MPH)
Batting: RHB Pat Kramer 0-0: Ball
1-0: Ball
2-0: Ball
3-0: Called Strike
3-1: Called Strike
3-2: Strikes out swinging
Top of the 4th over - 0 runs, 1 hit, 0 errors, 1 left on base; Irving 4 - Northville 2
BOTTOM OF THE 4TH
Northville Eclipse batting - Pitching for Irving Blue Sox : RHP Donnie Rawling
Batting: RHB Rafael Manawis 0-0: Ball
1-0: SINGLE (Line Drive, 9S, EV 107.5 MPH)
Batting: RHB Chris Owen 0-0: Ball
1-0: 2-RUN HOME RUN (Flyball, 7D, EV 99.4 MPH), Distance : 388 ft
Batting: LHB Javier López 0-0: Ball
1-0: Ball
2-0: Foul Ball, location: 2F
2-1: Ball
3-1: Ground out 4-3 (Groundball, 4M, EV 79.4 MPH)
Batting: RHB Junji Ito 0-0: Ball
1-0: Ball
2-0: Fly out, F8 (Flyball, 8LD, EV 102.5 MPH)
Batting: SHB Javier Murillo 0-0: Reached on error, E4 (Groundball, 4, EV 84.4 MPH)
Batting: RHB Daron Mack 0-0: Ball
1-0: Called Strike
1-1: Called Strike
1-2: Fly out, F9 (Flyball, 9LM, EV 85.0 MPH)
Bottom of the 4th over - 2 runs, 2 hits, 1 error, 1 left on base; Irving 4 - Northville 4
TOP OF THE 5TH
Irving Blue Sox batting - Pitching for Northville Eclipse : RHP John Seawright
Batting: RHB Omar Luoa 0-0: Called Strike
0-1: Called Strike
0-2: Strikes out swinging
Batting: LHB Ánibal Leobardo 0-0: Ball
1-0: Ball
2-0: Fly out, F9 (Flyball, 89D, EV 108.1 MPH)
Batting: SHB Govaart Baars 0-0: Ball
1-0: Foul Ball, location: 2F
1-1: Foul Ball, location: 2F
1-2: Foul Ball, location: 2F
1-2: Strikes out swinging
Top of the 5th over - 0 runs, 0 hits, 0 errors, 0 left on base; Irving 4 - Northville 4
BOTTOM OF THE 5TH
Northville Eclipse batting - Pitching for Irving Blue Sox : RHP Donnie Rawling
Batting: LHB You-liang Yang 0-0: Called Strike
0-1: Foul Ball, location: 2F
0-2: Foul Ball, location: 2F
0-2: Ball
1-2: Ball
2-2: SINGLE (Flyball, 78S, EV 88.8 MPH)
Batting: RHB Jaime Burgos 0-0: Ball
1-0: Ball
2-0: Ball
3-0: Base on Balls
You-liang Yang to second
Batting: LHB Pedro Marrero 0-0: Called Strike
0-1: SINGLE (Line Drive, 7S, EV 96.9 MPH)
You-liang Yang to third
Jaime Burgos to second
Batting: RHB Rafael Manawis 0-0: Foul Ball, location: 2F
0-1: Swinging Strike
0-2: Ball
1-2: Grounds into double play, 5-4-3 (Groundball, 56, EV 78.8 MPH)
You-liang Yang scores
Jaime Burgos to third
Batting: RHB Chris Owen 0-0: Ball
1-0: Ball
2-0: Swinging Strike
2-1: Called Strike
2-2: Fly out, F8 (Flyball, 78M, EV 83.8 MPH)
Bottom of the 5th over - 1 run, 2 hits, 0 errors, 1 left on base; Irving 4 - Northville 5
TOP OF THE 6TH
Irving Blue Sox batting - Pitching for Northville Eclipse : RHP John Seawright
Batting: RHB Nick McGhee 0-0: Ball
1-0: Ball
2-0: Called Strike
2-1: DOUBLE (Line Drive, 5D, EV 97.5 MPH)
Pitching: RHP Juan Colón
Batting: RHB Rubén Plumey 0-0: Foul Ball, location: 2F
0-1: Fly out, F8 (Flyball, 89S, EV 86.9 MPH)
Batting: SHB Ignacio Cabrera 0-0: Ball
1-0: Ball
2-0: Called Strike
2-1: Swinging Strike
2-2: Ground out 5-3 (Groundball, 56S, EV 86.2 MPH)
Batting: RHB Martín Muńóz 0-0: Swinging Strike
0-1: Ball
1-1: Ground out 6-3 (Groundball, 6, EV 85.6 MPH)
Top of the 6th over - 0 runs, 1 hit, 0 errors, 1 left on base; Irving 4 - Northville 5
BOTTOM OF THE 6TH
Northville Eclipse batting - Pitching for Irving Blue Sox : RHP Donnie Rawling
Pitching: RHP Ed Lake
Batting: LHB Javier López 0-0: Called Strike
0-1: Foul Ball, location: 2F
0-2: Foul Ball, location: 2F
0-2: Fly out, F7 (Flyball, 7LS, EV 89.4 MPH)
Batting: RHB Junji Ito 0-0: Ball
1-0: TRIPLE (Flyball, 7LD, EV 109.4 MPH)
Batting: SHB Javier Murillo 0-0: Foul Ball, location: 2F
0-1: Ball
1-1: Ball
2-1: Ball
3-1: Ground out 4-3 (Groundball, 4, EV 108.8 MPH)
Batting: RHB Daron Mack 0-0: Ball
1-0: Ball
2-0: Called Strike
2-1: Ball
3-1: Called Strike
3-2: Foul Ball, location: 2F
3-2: Base on Balls
Batting: LHB You-liang Yang 0-0: Foul Ball, location: 2F
0-1: Foul Ball, location: 2F
0-2: Ball
1-2: Ball
2-2: Ground out 5-3 (Groundball, 56S, EV 81.2 MPH)
Bottom of the 6th over - 0 runs, 1 hit, 0 errors, 2 left on base; Irving 4 - Northville 5
TOP OF THE 7TH
Irving Blue Sox batting - Pitching for Northville Eclipse : RHP Juan Colón
Batting: LHB Daniel Page 0-0: Ball
1-0: Ball
2-0: Called Strike
2-1: Foul Ball, location: 2F
2-2: Ball
3-2: Ground out U3 (Groundball, 3, EV 83.1 MPH)
Batting: RHB Pat Kramer 0-0: Ball
1-0: Ball
2-0: Fly out, F9 (Flyball, 9LM, EV 86.9 MPH)
Batting: RHB Omar Luoa 0-0: Called Strike
0-1: Ball
1-1: Foul Ball, location: 2F
1-2: Strikes out swinging
Top of the 7th over - 0 runs, 0 hits, 0 errors, 0 left on base; Irving 4 - Northville 5
BOTTOM OF THE 7TH
Northville Eclipse batting - Pitching for Irving Blue Sox : RHP Ed Lake
Batting: RHB Jaime Burgos 0-0: Called Strike
0-1: Called Strike
0-2: Strikes out swinging
Batting: LHB Pedro Marrero 0-0: Ball
1-0: Ball
2-0: Ball
3-0: Called Strike
3-1: Called Strike
3-2: Ground out 4-3 (Groundball, 4, EV 85.0 MPH)
Batting: RHB Rafael Manawis 0-0: Ground out 5-3 (Groundball, 56, EV 84.4 MPH)
Bottom of the 7th over - 0 runs, 0 hits, 0 errors, 0 left on base; Irving 4 - Northville 5
TOP OF THE 8TH
Irving Blue Sox batting - Pitching for Northville Eclipse : RHP Juan Colón
Batting: LHB Ánibal Leobardo 0-0: Foul Ball, location: 2F
0-1: Ball
1-1: Ball
2-1: Ball
3-1: SINGLE (Groundball, 34D, EV 109.4 MPH)
Pitching: LHP Vasile Alexandrescu
Batting: SHB Govaart Baars 0-0: Ball
1-0: Ball
2-0: Foul Ball, location: 2F
2-1: Called Strike
2-2: Strikes out swinging
Batting: RHB Nick McGhee 0-0: Called Strike
0-1: Called Strike
0-2: Ball
1-2: DOUBLE (Line Drive, 9LD, EV 106.2 MPH)
Ánibal Leobardo to third
Batting: RHB Rubén Plumey 0-0: Ball
1-0: Ball
2-0: Foul Ball, location: 2F
2-1: Swinging Strike
2-2: Strikes out swinging
Batting: SHB Ignacio Cabrera 0-0: Ball
1-0: Foul Ball, location: 2F
1-1: Swinging Strike
1-2: Strikes out swinging
Top of the 8th over - 0 runs, 2 hits, 0 errors, 2 left on base; Irving 4 - Northville 5
BOTTOM OF THE 8TH
Northville Eclipse batting - Pitching for Irving Blue Sox : RHP Ed Lake
Batting: RHB Chris Owen 0-0: Called Strike
0-1: Ball
1-1: SINGLE (Line Drive, 7S, EV 102.5 MPH)
Batting: LHB Javier López 0-0: Ball
1-0: Ball
2-0: Sac Bunt to 23 - play at first, batter OUT! 3-4
Chris Owen to second
Pitching: LHP Lex Janssen
Batting: RHB Junji Ito 0-0: Ball
1-0: Ball
2-0: Called Strike
2-1: Called Strike
2-2: SINGLE (Line Drive, 89S, EV 101.9 MPH)
Chris Owen to third
Runner from 3rd tries for Home, SAFE, throw by RF to home
Batting: SHB Javier Murillo 0-0: Ball
1-0: Swinging Strike
1-1: Foul Ball, location: 2F
1-2: Fly out, F9 (Line Drive, 9D, EV 95.0 MPH)
Batting: RHB Daron Mack 0-0: Ball
1-0: Swinging Strike
1-1: SINGLE (Groundball, 56D, EV 99.4 MPH)
Junji Ito to second
Batting: LHB You-liang Yang 0-0: Ball
1-0: Called Strike
1-1: Foul Ball, location: 2F
1-2: Strikes out swinging
Bottom of the 8th over - 1 run, 3 hits, 0 errors, 2 left on base; Irving 4 - Northville 6
TOP OF THE 9TH
Irving Blue Sox batting - Pitching for Northville Eclipse : LHP Vasile Alexandrescu
Pitching: RHP Erik Jackson
Batting: RHB Martín Muńóz 0-0: Ball
1-0: Ball
2-0: Ball
3-0: Called Strike
3-1: Base on Balls
Batting: LHB Daniel Page 0-0: Foul Ball, location: 2F
0-1: Ball
1-1: Swinging Strike
1-2: Ground out 3-1 (Groundball, 3, EV 86.9 MPH)
Martín Muńóz to second
Batting: RHB Pat Kramer 0-0: Called Strike
0-1: Swinging Strike
0-2: Foul Ball, location: 2F
0-2: Ball
1-2: Ball
2-2: Ground out 6-3 (Groundball, 56, EV 89.4 MPH)
Batting: RHB Omar Luoa 0-0: Called Strike
0-1: Swinging Strike
0-2: Strikes out looking
Top of the 9th over - 0 runs, 0 hits, 0 errors, 1 left on base; Irving 4 - Northville 6
Tuesday, January 5th, 2021 - OOTP Baseball 20.8 Build 74